Map: Oxide LE

Players

Epic

  • Race: Terran Terran
  • League: Grandmaster

Vindicta - Winner!

  • Race: Terran Terran
  • League: Master

Event: DreamHack SC2 Masters 2021 Summer

VOD

Have the link to the VOD?

Description

Time

  • Played on: May 30, 2021, 4:01 p.m.
  • Length: 19:05

All games in this series

Show
View Real Time Build Order
Export as new Build Order

Epic Terran 

Build Orders: Reaper Expand 

Get SALT Encoding   

  12  0:00  SCV  
  13  0:12  SCV  
  14  0:17  Supply Depot  
  14  0:24  SCV  
  15  0:38  SCV  
  15  0:40  Barracks  
  16  0:42  Refinery  
  16  0:50  SCV  
  17  1:02  SCV  
  18  1:15  SCV  
  19  1:26  Reaper  
  19  1:27  Orbital Command  
  20  1:43  Command Center  
  20  1:52  SCV  
  21  1:54  Supply Depot  
  21  1:58  Marine  
  22  2:07  Factory  
  22  2:08  SCV  
  23  2:17  Bunker  
  23  2:23  Barracks Reactor  
  23  2:24  SCV  
  23  2:29  Barracks  
  24  2:34  Refinery  
  24  2:36  SCV  
  25  2:48  SCV  
  25  2:51  Hellion  
  28  2:55  Orbital Command  
  28  2:59  Marine x2  
  28  3:02  SCV  
  31  3:15  SCV  
  31  3:16  Barracks Tech Lab  
  31  3:18  Marine x2  
  34  3:20  Starport  
  34  3:22  Factory Reactor  
  34  3:27  SCV  
  34  3:29  SCV  
  34  3:32  Supply Depot  
  36  3:35  Marine  
  36  3:36  Marine  
  36  3:39  Stimpack  
  38  3:42  SCV  
  38  3:43  SCV  
  38  3:46  Marine  
  41  3:53  Marine x2  
  41  3:54  SCV  
  41  3:55  SCV  
  45  3:57  Supply Depot  
  45  4:03  Medivac  
  45  4:05  Marine  
  45  4:06  SCV  
  45  4:07  SCV  
  50  4:10  Medivac  
  50  4:14  Marine x2  
  54  4:19  Supply Depot  
  54  4:23  SCV x2, Marine  
  56  4:26  Factory Tech Lab  
  56  4:32  Marine  
  56  4:33  Marine  
  56  4:36  SCV x2  
  60  4:43  Command Center  
  60  4:46  Siege Tank  
  60  4:49  SCV x2  
  65  4:53  Supply Depot  
  65  4:56  Marine x3  
  65  4:59  Refinery  
  68  5:02  Refinery, SCV  
  68  5:04  SCV  
  70  5:10  Supply Depot  
  70  5:15  SCV, Medivac x2  
  70  5:16  SCV  
  74  5:26  Marine x3  
  69  5:32  Siege Tank  
  69  5:34  SCV x2  
  67  5:42  Engineering Bay  
  67  5:43  Engineering Bay  
  67  5:45  Marine  
  67  5:46  Marine x2  
  67  5:47  Combat Shield  
  70  5:50  SCV x2  
  70  5:55  Supply Depot  
  70  5:56  Orbital Command  
  72  6:02  SCV x2  
  72  6:03  Marine x2  
  72  6:04  Marine  
  77  6:05  Barracks  
  77  6:12  Siege Tank  
  77  6:15  SCV  
  80  6:24  Medivac  
  82  6:29  SCV x3  
  82  6:31  Terran Infantry Weapons Level 1  
  84  6:39  Terran Infantry Armor Level 1  
  83  6:41  SCV x3  
  83  6:42  Barracks  
  83  6:44  Barracks, Siege Tank  
  89  6:48  Marine x3  
  89  6:55  SCV x3  
  89  6:58  Barracks Reactor  
  92  7:04  Supply Depot  
  92  7:05  Medivac x2  
  96  7:16  SCV x3  
  96  7:20  Marine x3  
  96  7:21  Siege Tank  
  103  7:28  SCV x3  
  95  7:31  Barracks Reactor  
  95  7:32  Barracks Reactor  
  95  7:42  SCV x3  
  95  7:44  Marine x4  
  95  7:45  Marine  
  95  7:49  Armory  
  95  7:51  Command Center  
  100  7:55  Refinery, Medivac  
  100  7:56  Refinery  
  100  7:57  SCV x3  
  105  7:59  Supply Depot  
  105  8:01  Supply Depot  
  105  8:03  Medivac  
  107  8:08  Marine x6  
  107  8:09  Marine x3  
  116  8:15  SCV, Supply Depot  
  116  8:16  Supply Depot  
  117  8:20  SCV x2, Siege Tank  
  122  8:31  SCV, Factory  
  122  8:32  SCV x2, Marine x6  
  122  8:33  Marine  
  132  8:34  Marine  
  132  8:36  Marine  
  134  8:43  Terran Infantry Weapons Level 2  
  134  8:45  Terran Infantry Armor Level 2  
  134  8:48  Supply Depot  
  134  8:50  Supply Depot  
  135  8:55  SCV x3  
  135  8:58  Terran Vehicle Weapons Level 1  
  137  9:05  Planetary Fortress  
  137  9:07  Barracks Tech Lab  
  137  9:08  Refinery x2  
  137  9:09  SCV x3  
  140  9:10  Marine x3  
  140  9:13  Marauder  
  140  9:15  Barracks Tech Lab  
  140  9:16  Concussive Shells  
  145  9:21  SCV x3  
  148  9:24  Factory Tech Lab  
  148  9:27  Siege Tank  
  148  9:30  Medivac  
  153  9:35  Marauder  
  153  9:36  Marauder x2  
  159  9:41  Marine x2  
  159  9:42  Marine x2  
  159  9:43  Command Center  
  163  9:55  Starport, Supply Depot  
  163  9:56  Starport  
  163  9:57  Siege Tank  
  163  9:59  Siege Tank  
  169  10:06  Command Center  
  169  10:13  Viking x2  
  173  10:19  Armory  
  173  10:26  Marauder x3  
  173  10:27  Marine x2  
  173  10:28  Marine x2  
  172  10:33  Viking x4  
  180  10:45  Viking x2  
  184  10:51  Fusion Core  
  183  10:57  Planetary Fortress  
  183  10:58  Missile Turret  
  183  11:03  Missile Turret  
  183  11:10  Terran Vehicle And Ship Armor Level 1, Terran Ship Weapons Level 1  
  183  11:13  Viking  
  183  11:14  Viking x3  
  183  11:17  Refinery x2  
  191  11:23  Viking  
  191  11:24  Viking  
  193  11:33  Orbital Command  
  188  11:51  Liberator x2  
  188  11:53  Advanced Ballistics  
  194  11:58  Marauder  
  194  11:59  Marauder x2  
  149  12:21  Marauder x3, Marine x4  
  135  12:24  Viking x4  
  131  12:34  Viking  
  131  12:36  Viking  
  135  12:39  Marine x4  
  135  12:40  Barracks x2  
  135  12:42  Barracks, Marauder  
  135  12:43  Barracks, Marauder x2  
  131  12:53  Viking  
  131  12:56  Marine  
  131  12:57  Marine x3  
  134  12:59  Liberator  
  134  13:00  Liberator  
  134  13:04  Marauder x3  
  143  13:14  Marine  
  143  13:15  Marine x3  
  147  13:22  Liberator x3  
  147  13:25  Marauder x3  
  162  13:29  Command Center  
  162  13:33  SCV x5  
  166  13:39  Barracks Tech Lab  
  166  13:40  Barracks Reactor, Barracks Tech Lab x2  
  166  13:41  Marine x3  
  166  13:42  Siege Tank x2  
  166  13:46  Viking  
  166  13:47  Marauder x2  
  181  13:49  Viking  
  127  14:12  Marauder x6, Marine x4  
  138  14:20  Viking x4  
  146  14:29  Viking x2  
  150  14:38  Marauder x5  
  157  14:43  Marine x4  
  161  14:50  Viking  
  160  14:56  Viking x3  
  160  14:59  Marauder x3, Liberator, Viking  
  165  15:14  Planetary Fortress  
  165  15:17  SCV x4  
  165  15:18  SCV  
  165  15:20  Liberator  
  173  15:26  Liberator x3  
  182  15:29  SCV  
  182  15:30  Liberator  
  185  15:42  Liberator  
  177  16:03  Liberator  
  167  16:09  Liberator x2, Viking  
  169  16:13  Viking  
  160  16:25  Liberator  
  125  16:29  Smart Servos  
  113  16:39  SCV x4, Liberator  
  118  16:40  SCV  
  118  16:41  Marauder x4, Marine x7  
  118  16:43  Liberator  
  136  16:53  Viking x2  
  140  16:58  Marine  
  140  16:59  Marine x3  
  144  17:01  Missile Turret  
  141  17:11  Liberator x2  
  140  17:20  SCV x5  
  140  17:22  Liberator  
  148  17:29  Liberator  
  145  17:31  Marauder x2  
  145  17:32  SCV x2, Marine  
  125  17:48  Marine  
  125  17:49  Marauder x3, Marine  
  118  17:53  SCV x4  
  118  17:54  SCV  
  123  18:00  Medivac  
  123  18:01  Medivac  
  91  18:24  Marauder, Marine x5  
  91  18:25  Marauder x3  
Show
View Real Time Build Order
Export as new Build Order

Vindicta Terran - Winner!

Build Orders:  

Get SALT Encoding   

  12  0:00  SCV  
  13  0:12  SCV  
  14  0:17  Supply Depot  
  14  0:24  SCV  
  14  0:27  Refinery  
  15  0:38  SCV  
  16  0:44  Barracks  
  16  0:50  SCV  
  16  0:55  Refinery  
  17  1:03  SCV  
  18  1:15  SCV  
  19  1:31  Orbital Command, Reaper  
  20  1:36  Factory  
  20  1:45  Supply Depot  
  20  1:57  SCV  
  21  2:04  Reaper  
  22  2:09  SCV  
  23  2:20  Hellion  
  23  2:21  SCV  
  26  2:29  Command Center  
  26  2:33  SCV  
  26  2:36  Reaper  
  28  2:41  Hellion  
  30  2:46  Supply Depot  
  30  2:47  SCV  
  31  2:55  Starport  
  31  3:03  Factory Tech Lab  
  31  3:07  SCV  
  31  3:09  Refinery, Barracks Tech Lab  
  33  3:20  SCV  
  33  3:24  Cyclone  
  36  3:32  SCV  
  37  3:39  Raven  
  39  3:42  Orbital Command  
  39  3:44  SCV  
  39  3:45  Barracks Reactor  
  40  3:56  SCV  
  40  4:00  Siege Tank  
  44  4:07  Supply Depot  
  44  4:08  SCV x2  
  46  4:21  SCV  
  46  4:22  Marine  
  46  4:23  Marine, Viking  
  50  4:24  SCV  
  51  4:32  Siege Tank  
  51  4:33  SCV  
  51  4:36  SCV  
  56  4:39  Supply Depot  
  56  4:40  Marine  
  57  4:45  SCV  
  57  4:49  SCV  
  59  4:53  Raven  
  59  4:58  SCV  
  62  5:00  Marine x2  
  62  5:01  SCV  
  62  5:04  Supply Depot  
  65  5:10  SCV, Command Center  
  65  5:14  SCV  
  67  5:16  Siege Tank  
  67  5:18  Marine  
  67  5:20  Marine  
  68  5:23  SCV  
  63  5:30  SCV  
  63  5:35  SCV  
  65  5:42  SCV  
  66  5:44  Refinery  
  66  5:47  SCV  
  66  5:49  Viking x2  
  71  5:54  SCV  
  72  5:59  SCV, Siege Tank  
  76  6:06  SCV, Supply Depot  
  78  6:11  SCV  
  78  6:14  Factory  
  78  6:21  Engineering Bay  
  78  6:22  SCV  
  78  6:23  SCV, Orbital Command  
  80  6:31  Siege Tank  
  82  6:34  SCV  
  82  6:35  SCV  
  83  6:42  Viking x2  
  83  6:46  SCV  
  88  6:58  SCV  
  88  7:00  Siege Tank  
  88  7:02  SCV  
  88  7:03  Siege Tank  
  92  7:10  SCV  
  92  7:13  Refinery  
  92  7:14  Refinery  
  93  7:19  Orbital Command  
  93  7:20  SCV  
  93  7:29  SCV  
  94  7:32  SCV, Siege Tank  
  94  7:35  Siege Tank  
  101  7:41  SCV  
  99  7:45  SCV  
  99  7:49  SCV  
  100  7:52  Supply Depot  
  100  7:53  SCV, Supply Depot  
  100  7:57  SCV, Viking  
  104  8:01  SCV  
  104  8:02  Viking  
  108  8:05  SCV  
  108  8:08  Sensor Tower  
  108  8:09  SCV  
  108  8:10  Factory  
  109  8:14  SCV  
  109  8:15  Supply Depot, Siege Tank  
  109  8:16  Siege Tank  
  109  8:17  SCV, Supply Depot  
  117  8:21  SCV  
  117  8:26  SCV, Viking  
  120  8:28  Infernal Pre-Igniter  
  120  8:29  SCV  
  120  8:33  SCV  
  121  8:38  SCV  
  121  8:39  Command Center  
  122  8:42  SCV  
  122  8:45  SCV, Armory x2, Supply Depot  
  122  8:46  Viking  
  126  8:50  SCV  
  126  8:51  Siege Tank  
  126  8:54  SCV  
  131  8:57  SCV  
  131  9:02  SCV  
  133  9:06  SCV, Missile Turret  
  133  9:07  Liberator  
  133  9:08  Factory Reactor, Missile Turret  
  133  9:09  SCV, Missile Turret  
  138  9:14  SCV  
  138  9:16  Siege Tank, Supply Depot x2  
  142  9:18  SCV  
  142  9:19  Viking  
  146  9:29  Siege Tank  
  149  9:33  Terran Vehicle Weapons Level 1  
  149  9:35  Supply Depot  
  149  9:36  Terran Vehicle And Ship Armor Level 1, Supply Depot  
  148  9:42  SCV x2  
  148  9:43  SCV  
  155  9:45  Hellion x2  
  155  9:52  Factory x2, Viking  
  158  9:54  SCV  
  158  9:58  Viking  
  160  10:03  SCV x2  
  160  10:06  SCV  
  163  10:07  Missile Turret x2  
  163  10:10  Thor  
  163  10:14  Supply Depot x2  
  169  10:23  Hellion  
  169  10:27  Refinery  
  169  10:28  Thor  
  167  10:34  Refinery, Sensor Tower  
  173  10:36  Factory Tech Lab, Factory Reactor  
  173  10:41  Liberator  
  176  10:52  Hellion x2, Command Center  
  176  10:53  Planetary Fortress  
  180  10:57  Hellion x2  
  180  10:59  Viking  
  180  11:01  SCV  
  187  11:11  SCV, Supply Depot x2  
  186  11:12  Missile Turret x2  
  186  11:15  Hellion x2  
  186  11:16  Hellion  
  198  11:19  SCV  
  196  11:26  Siege Tank  
  196  11:27  Starport  
  196  11:28  Starport  
  199  11:40  Terran Vehicle And Ship Armor Level 2, Terran Vehicle Weapons Level 2  
  199  11:44  Siege Tank  
  196  11:47  Siege Tank  
  196  11:53  Missile Turret x2  
  197  12:05  Siege Tank  
  198  12:12  Hellion x3  
  198  12:15  Hellion  
  177  12:16  Siege Tank  
  177  12:19  SCV, Siege Tank  
  177  12:20  Viking  
  170  12:26  Liberator  
  170  12:29  Starport Reactor  
  164  12:30  Starport Reactor  
  164  12:32  Fusion Core  
  164  12:34  Hellion x3  
  164  12:36  Hellion  
  172  12:40  Missile Turret  
  172  12:41  SCV  
  173  12:45  Refinery  
  173  12:46  Refinery  
  173  12:50  Viking  
  176  12:51  SCV  
  176  12:52  Hellion  
  176  12:55  Hellion x2  
  175  13:01  SCV  
  175  13:02  SCV  
  175  13:05  Thor  
  180  13:06  Thor  
  180  13:07  Viking x3  
  180  13:09  Viking  
  180  13:10  Planetary Fortress  
  180  13:12  Neosteel Armor  
  191  13:13  SCV  
  191  13:15  Hellion x2  
  196  13:20  Viking  
  196  13:23  Missile Turret  
  196  13:24  Missile Turret  
  198  13:29  Hellion  
  198  13:34  Hellion  
  198  13:36  Hellion x2  
  198  13:37  Thor  
  200  13:45  Advanced Ballistics  
  200  13:58  Hellion  
  200  14:01  Siege Tank  
  200  14:02  Thor  
  196  14:03  Command Center  
  196  14:07  Hellion  
  180  14:14  Hellion  
  178  14:18  Liberator x3  
  178  14:21  Terran Vehicle And Ship Armor Level 3, Terran Vehicle Weapons Level 3, Siege Tank  
  178  14:22  Hellion  
  192  14:28  Hellion  
  192  14:31  Viking  
  196  14:35  Viking  
  196  14:39  Hellion  
  196  14:43  Viking  
  198  14:46  SCV x2  
  192  15:00  Liberator  
  192  15:01  Liberator  
  192  15:02  Refinery x2  
  192  15:03  Liberator  
  192  15:06  Thor  
  200  15:10  Hellion, Siege Tank  
  200  15:11  Hellion, Liberator  
  195  15:22  Siege Tank  
  195  15:24  Viking  
  200  15:33  Command Center  
  196  15:43  Viking x2  
  196  15:45  Factory  
  196  15:46  Factory  
  195  16:04  Viking x3  
  195  16:06  Viking  
  195  16:08  Siege Tank  
  193  16:17  Thor  
  184  16:24  Hellion  
  180  16:28  Planetary Fortress  
  180  16:32  Factory Tech Lab, Missile Turret  
  160  16:33  Factory Reactor  
  160  16:36  Hellion  
  160  16:39  Hellion  
  164  16:40  Thor  
  164  16:45  Liberator, Viking x3  
  176  16:48  Orbital Command  
  176  16:51  Viking  
  177  16:54  Hellion  
  177  16:56  Viking  
  177  16:59  Siege Tank x2  
  177  17:00  Siege Tank  
  182  17:04  Hellbat  
  184  17:15  Viking x2  
  188  17:17  Viking  
  188  17:21  Hellion x2  
  185  17:22  Thor  
  189  17:31  Siege Tank  
  198  17:40  Thor  
  198  17:42  Hellion  
  198  17:43  Hellion x2, Siege Tank  
  168  17:52  Hellion  
  168  17:53  Hellion x2  
  159  18:01  Viking x2  
  159  18:03  Hellion  
  168  18:11  Viking x2  
  161  18:13  Hellion x2, Siege Tank  
  161  18:14  Hellion  
  168  18:21  Hellion  
  168  18:23  Hellion  
  168  18:26  Hellion x3, Siege Tank  
  167  18:34  Hellion x2  
  167  18:36  Hellion  
Tags
 
Add a new tag
Caveats
  • Supply blocks, unpowered buildings, or Contaminate may cause inaccurate times.
  • Supply counts are checked every 10 seconds.